Match 42403305
Unlisted

Match 42403305
End
Vickers Machine Gun Team
Construct Section Command Post
Infantry Section
Infantry Section
Infantry Section
Construct Platoon Command Post
6-pounder Anti-tank Gun Team
6-pounder Anti-tank Gun Team
DexN
eliass0101
HulkSMASH
⚓️Ruby⚓
0
0

Comments sign in to comment!

No comments posted yet!